[Event "*** Titled Tuesday Blitz"]
[Site "Chess.com"]
[Date "2020.04.07"]
[Round "1"]
[White "adricalderon8"]
[Black "TigrVShlyape"]
[Result "0-1"]
[WhiteElo "2442"]
[BlackElo "2846"]
[TimeControl "180+1"]
[EndTime "13:08:33 PDT"]
[Termination "TigrVShlyape won by resignation"]

1. e4 c5 2. Nf3 e6 3. d4 cxd4 4. Nxd4 a6 5. Bd3 g6 6. O-O Bg7 7. c3 Nf6 8. f4 d6 9. f5 Qe7 10. Nd2 Nbd7 11. Nc4 O-O 12. a4 Nc5 13. Bg5 h6 14. Bh4 exf5 15. exf5 g5 16. Bg3 Nfe4 17. Bxe4 Nxe4 18. Re1 d5 19. Nb6 Bxd4+ 20. Qxd4 Bxf5 21. Nxd5 Qe6 22. Rxe4 Bxe4 23. Qxe4 Qxe4 24. Nf6+ Kg7 25. Nxe4 b5 26. a5 f5 27. Be5+ Kg6 28. Nc5 Rfd8 29. Bd4 Re8 30. Kf2 f4 31. Re1 Rxe1 32. Kxe1 Kf5 33.
Kf2 h5 34. b4 g4 35. Nd3 Rc8 36. g3 f3 37. Nf4 Re8 38. Be3 Rc8 39. Nd5 Ke4 40.
Nf6+ Kf5 41. Nxh5 Rxc3 42. Nf4 Rc2+ 43. Kg1 Ke4 44. Bc5 Rc1+ 45. Kf2 Rc2+ 46. Kg1 Rc1+ 47. Kf2 Rh1 48. h4 gxh3 49. Ne6 h2 50. Ng5+ Kf5 51. Nxf3 Rf1+ 52. Kxf1 h1=Q+ 53. Kf2 Ke4 54. Nd2+ Kd3 55.
Nf3 Qh5 56. Nd4 Ke4 57. Kg2 Qg4 58. Kf2 Qh3 59. Nc6 Qh2+ 60. Ke1 Qxg3+ 61. Kd1 Kd3 62. Kc1 Qg2 63. Ne5+ Kc3 0-1

[Event "*** Titled Tuesday Blitz"]
[Site "Chess.com"]
[Date "2020.04.07"]
[Round "1"]
[White "Gajuchess"]
[Black "RestartingChess"]
[Result "1-0"]
[WhiteElo "2698"]
[BlackElo "2356"]
[TimeControl "180+1"]
[EndTime "13:08:33 PDT"]
[Termination "Gajuchess won by checkmate"]

1. d4 b6 2. e4 Bb7 3. Nc3 g6 4.
f4 Bg7 5. Nf3 e6 6. Bd3 d6 7.
Be3 Ne7 8. Qe2 Nd7 9. O-O-O c5 10. Nb5 Nc8 11. f5 a6 12. fxe6 fxe6 13. Nc3 O-O 14.
Ng5 Qe7 15. Bc4 cxd4 16. Bxe6+ Kh8 17. Rxd4 Bxd4 18. Bxd4+ Ne5 19. h4 Na7 20. Nd5 Bxd5 21. exd5 Qf6 22. Nf3 Qf4+ 23. Kb1 Nb5 24. Bxe5+ dxe5 25. Qxe5+ Qxe5 26. Nxe5 Rf2 27. c3 Re2 28. Nc4 Kg7 29.
Bh3 Ra7 30. Rd1 Ra8 31. d6 Rd8 32. d7 Kf7 33. Nxb6 Nc7 34. a4 Ne6 35. a5 Nc5 36.
Rd4 Ke7 37. Nd5+ Kf7 38. Ka2 Rb8 39. Nb6 Rd8 40. Rd5 Nb7 41. Rd4 Ke7 42. Ka3 Nd6 43. b4 Nb5+ 44. Ka4 Nxd4 45. cxd4 Rd2 46. b5 Kd6 47. Kb3 Rxd4 48. bxa6 Rd3+ 49. Kc4 Ra3 50. Kb4 Ra1 51. a7 Rb1+ 52. Kc4 Kc6 53. a8=Q+ Rxa8 54. Nxa8 Rd1 55. Nb6 Kb7 56. Nd5 Rc1+ 57.
Kd4 Rd1+ 58. Kc5 Rc1+ 59. Kd6 Rc6+ 60. Ke7 Rc1 61. d8=Q Rd1 62. Kd6 Rc1 63. Qb6+ Ka8 64. Nc7+ Rxc7 65. Kxc7 g5 66. Qb7# 1-0

[Event "*** Titled Tuesday Blitz"]
[Site "Chess.com"]
[Date "2020.04.07"]
[Round "1"]
[White "Ba_clbaf_osed_ingo_3v21"]
[Black "davigator"]
[Result "1-0"]
[WhiteElo "2662"]
[BlackElo "2330"]
[TimeControl "180+1"]
[EndTime "13:08:33 PDT"]
[Termination "Ba_clbaf_osed_ingo_3v21 won by checkmate"]

1. Nf3 d5 2. c4 c6 3. e3 Nf6 4.
Nc3 e6 5. b3 Be7 6. Bb2 O-O 7.
Be2 a5 8. O-O Nbd7 9. d4 Nb6 10.
Ne5 Nfd7 11. f4 f6 12. Nf3 Re8 13. Bd3 Nf8 14. Nh4 Nbd7 15. Qh5 f5 16. Nf3 Nf6 17. Qh3 Ne4 18. Ne5 Bf6 19. g4 g6 20. Kh1 Bg7 21.
Nxe4 fxe4 22. Be2 a4 23. Ba3 Nd7 24. Bd6 Nxe5 25. fxe5 axb3 26. axb3 Rxa1 27. Rxa1 Bf8 28. Qg3 Bxd6 29. exd6 b6 30. Ra7 Rf8 31. Qe5 Rf7 32.
Rxf7 Kxf7 33. g5 Bd7 34. Kg2 Kg8 35. h4 Qe8 36. Bg4 Qf7 37. Kg3 Qe8 38. Kf4 Qf8+ 39. Qf6 Qxf6+ 40. gxf6 Kf7 41. Ke5 h6 42. c5 bxc5 43.
dxc5 g5 44. Bh5+ Kf8 45. hxg5 hxg5 46. b4 Kg8 47. Be2 Kh7 48. f7 Kg7 49. Bh5 g4 50.
Bxg4 Kxf7 51. Be2 Be8 52. Ba6 Bd7 53. Bb7 Ke8 54. Kf6 d4 55. exd4 e3 56. Ba6 Bc8 57.
Be2 Kd7 58. Ke5 Ke8 59. Kf4 Kf7 60. Kxe3 Kf6 61. Kf4 Bd7 62. Bf3 Be8 63. Be2 Bd7 64. Ba6 Kg6 65. Bb7 Kf7 66. b5 cxb5 67. c6 Ke8 68. cxd7+ Kxd7 69. Ke5 b4 70. d5 exd5 71. Bxd5 Kd8 72. Ke6 Ke8 73. d7+ Kd8 74. Bb3 Kc7 75.
Ke7 Kb6 76. d8=Q+ Kc5 77. Qd5+ Kb6 78. Ba4 Kc7 79. Qc6+ Kb8 80. Qb6+ Kc8 81. Bd7# 1-0

[Event "*** Titled Tuesday Blitz"]
[Site "Chess.com"]
[Date "2020.04.07"]
[Round "1"]
[White "Siemba"]
[Black "DanielDardha2005"]
[Result "0-1"]
[WhiteElo "2239"]
[BlackElo "2586"]
[TimeControl "180+1"]
[EndTime "13:08:33 PDT"]
[Termination "DanielDardha2005 won on time"]

1. e4 c5 2. Nf3 Nc6 3. d4 cxd4 4. Nxd4 e5 5. Nb5 Nf6 6. N1c3 d6 7. Bg5 a6 8. Na3 b5 9. Nd5 Be7 10. Bxf6 Bxf6 11.
c3 Ne7 12. Nxf6+ gxf6 13. Nc2 Bb7 14. Bd3 d5 15. exd5 Qxd5 16. Ne3 Qe6 17. Qh5 e4 18. Bc2 f5 19. Bb3 Qf6 20. O-O-O O-O 21. Rd7 Bc6 22.
Rd4 Rad8 23. Rhd1 Rxd4 24. Rxd4 a5 25. g4 f4 26. g5 Qg6 27. Qxg6+ hxg6 28. Ng4 Nf5 29. Rd1 a4 30. Bc2 Kg7 31. Re1 e3 32. fxe3 f3 33. e4 Nh4 34. Rf1 Rh8 35. Ne5 Bb7 36. Nxf3 Nxf3 37. Rxf3 Rxh2 38. Rf1 Rg2 39. Re1 Rxg5 40. Bd3 Re5 41. Rf1 Bxe4 42. Re1 f5 43. Bxe4 Rxe4 44. Rd1 Kf6 45. Rd5 Re5 46. Rd6+ Re6 47. Rd5 f4 48. Kd2 Re5 49. Rd8 Kf5 50. Rf8+ Kg4 51. Kd3 g5 52. Kd4 Rf5 53. Re8 f3 54. Re4+ Rf4 55. Ke3 Rxe4+ 56. Kxe4 f2 57. c4 f1=Q 58. cxb5 Qxb5 0-1

[Event "*** Titled Tuesday Blitz"]
[Site "Chess.com"]
[Date "2020.04.07"]
[Round "1"]
[White "chiwii"]
[Black "AshotParvanyan"]
[Result "1/2-1/2"]
[WhiteElo "2210"]
[BlackElo "2548"]
[TimeControl "180+1"]
[EndTime "13:08:33 PDT"]
[Termination "Game drawn - insufficient material"]

1. e4 g6 2. d4 Bg7 3. Nf3 d6 4. Be3 a6 5. c3 Nf6 6. Nbd2 O-O 7. Bd3 e5 8. dxe5 dxe5 9. Be2 Qe7 10. O-O Nc6 11.
Qc2 Rd8 12. Rad1 Be6 13. b3 h6 14. Nc4 Ng4 15. h3 Bxc4 16. Bxc4 Nxe3 17. fxe3 Na5 18. Be2 Qc5 19. b4 Qxe3+ 20. Kh1 Nc6 21. Bc4 Rxd1 22. Rxd1 Rd8 23. Bd5 Bf6 24. Qb3 Kg7 25. Re1 Qf2 26. Bxf7 Rf8 27. Bd5 Bg5 28. Qd1 Bf4 29. Rf1 Qg3 30.
Bxc6 bxc6 31. Qd7+ Rf7 32. Qxc6 g5 33. Qc5 h5 34. Qf2 g4 35. Qxg3 Bxg3 36. Nd2 Rd7 37. Nc4 Rd3 38. hxg4 hxg4 39. Nb2 Rxc3 40. Nd1 Ra3 41. Nb2 Rxa2 42. Nc4 Bf4 43. Na5 Rc2 44. Kg1 Rd2 45. Nc4 Rd4 46. Nb2 Rxe4 47. Nd3 Rd4 48. Nc5 Rd6 49. Ne4 Be3+ 50. Kh2 Bf4+ 51. g3 Rh6+ 52. Kg2 Be3 53. Nf2 Rc6 54. Nxg4 Rc2+ 55. Kf3 Bd4 56. Re1 Rc3+ 57. Ke4 Rxg3 58. Nxe5 Bxe5 59.
Kxe5 Rb3 60. Rc1 Rxb4 61. Rxc7+ Kf8 62. Ra7 Rb6 63. Kd5 Ke8 64. Kc5 Rh6 65. Kb4 Kd8 66. Ka5 Kc8 67. Rxa6 Rxa6+ 68. Kxa6 1/2-1/2

[Event "*** Titled Tuesday Blitz"]
[Site "Chess.com"]
[Date "2020.04.07"]
[Round "1"]
[White "daro94"]
[Black "CalinGheorghiu"]
[Result "1-0"]
[WhiteElo "2856"]
[BlackElo "2449"]
[TimeControl "180+1"]
[EndTime "13:08:34 PDT"]
[Termination "daro94 won by resignation"]

1. Nf3 Nf6 2. c4 e6 3. Nc3 d5 4. cxd5 exd5 5. d4 c6 6. Qc2 Bd6 7. Bg5 O-O 8. e3 h6 9. Bh4 Nbd7 10. Bd3 Re8 11. O-O Nf8 12. Rab1 Bg4 13. Nd2 Bh5 14.
b4 a6 15. a4 Qc7 16. Bg3 Bxg3 17. hxg3 Bg6 18. Rfc1 Rac8 19. Nf3 Bxd3 20. Qxd3 Ng6 21. b5 axb5 22. axb5 Qe7 23. bxc6 bxc6 24. Qf5 Rb8 25. Ra1 Ne4 26. Nxe4 dxe4 27. Nd2 Rb5 28. Rc5 Rxc5 29. Qxc5 Qxc5 30. dxc5 f5 31. Nb3 Re5 32. Ra7 Nf8 33. Rc7 Ne6 34. Rxc6 Kf7 35. Kf1 Ke7 36. Ke2 Kd7 37.
Rd6+ Kc7 38. Ra6 Nxc5 39. Nxc5 Rxc5 40. Ra7+ Kd6 41. Rxg7 Rc2+ 42. Ke1 Rc1+ 43. Kd2 Rg1 44.
Rg6+ Ke5 45. Rxh6 Rxg2 46. Ke2 Rg1 47. Ra6 Rb1 48. Ra5+ Kf6 49. Ra2 Kg5 50. Rd2 Kf6 51. Rd4 Kg5 52. Rd1 Rb2+ 53. Kf1 Kf6 54. Kg2 Kg5 55.
Rd8 Rb6 56. Rg8+ Kf6 57. Rf8+ Kg6 58. Ra8 Kg5 59. Re8 Kf6 60. g4 fxg4 61. Rxe4 Kf5 62.
Rf4+ Kg5 63. Kg3 Rb2 64. Rxg4+ Kf5 65. Rf4+ Ke5 66. Kf3 Rb3 67. Rh4 Rb2 68. Rh5+ Kf6 69. Ra5 Rc2 70. Ra6+ Ke5 71. Ra1 Kf5 72. Kg3 Rb2 73.
Ra5+ Ke4 74. Ra4+ Kf5 75. e4+ Ke5 76. f4+ Kf6 77. Ra6+ Kf7 78. Kg4 Rb1 79. Kf5 1-0

[Event "*** Titled Tuesday Blitz"]
[Site "Chess.com"]
[Date "2020.04.07"]
[Round "1"]
[White "Aygehovit1992"]
[Black "varacalli"]
[Result "1-0"]
[WhiteElo "2727"]
[BlackElo "2378"]
[TimeControl "180+1"]
[EndTime "13:08:34 PDT"]
[Termination "Aygehovit1992 won on time"]

1. e4 e5 2. Nf3 Nc6 3. Bb5 a6 4.
Ba4 Nf6 5. d3 d6 6. c3 g6 7. Bg5 Bg7 8. Nbd2 h6 9. Bh4 O-O 10. Nf1 Bd7 11. Ne3 Ne7 12. Bxd7 Qxd7 13. Bxf6 Bxf6 14. Qb3 Rab8 15. d4 exd4 16. cxd4 Bg7 17. h4 c6 18. h5 g5 19. O-O-O d5 20. e5 f6 21. Kb1 fxe5 22. dxe5 Nf5 23. Ng4 Qe6 24. Rhe1 Kh8 25. Nf6 Rf7 26. g4 Ne7 27. Nd4 Qc8 28. Ka1 c5 29. Nf5 Nxf5 30. gxf5 Bxf6 31.
exf6 Qxf5 32. Rxd5 Qxf6 33. a3 Rbf8 34. Rxc5 Qxf2 35.
Qc3+ Qf6 36. Rce5 Kg8 37. Qb3 Qf3 38. R1e3 Qf1+ 39. Ka2 Rc8 40. Re6 Qc4 41. Rxh6 Qxb3+ 42. Kxb3 Rg7 43. Ree6 g4 44. Rhg6 Rc7 45. h6 Rxg6 46. Rxg6+ Kh7 47. Rxg4 Kxh6 48. Rc4 Rd7 49. Kb4 Kg6 50.
Kc5 Kf6 51. Kb6 Ke6 52. Rc7 Rd2 53. b4 Ra2 54. Rc3 a5 55. Kxa5 Kd7 56. Kb6 Kd6 57. b5 Ra1 58. Rd3+ Ke7 59. Kxb7 Rb1 60. b6 Ke6 61. a4 Ke7 62. a5 1-0

[Event "*** Titled Tuesday Blitz"]
[Site "Chess.com"]
[Date "2020.04.07"]
[Round "1"]
[White "bestluluNA"]
[Black "HrvojeZagreb"]
[Result "1-0"]
[WhiteElo "2527"]
[BlackElo "2116"]
[TimeControl "180+1"]
[EndTime "13:08:35 PDT"]
[Termination "bestluluNA won by resignation"]

1. d4 e6 2. c4 f5 3. g3 Nf6 4.
Bg2 Be7 5. Nf3 O-O 6. O-O d6 7. Nc3 Nc6 8. d5 Ne5 9. dxe6 Nxf3+ 10.
Bxf3 c6 11. b3 Bxe6 12. Bb2 Qe8 13. Qc2 f4 14. gxf4 Bg4 15. Bg2 Qh5 16. Qd3 Bd7 17. Qg3 Qh6 18. e3 Nh5 19. Qf3 g5 20. Qe4 Bf6 21.
fxg5 Qxg5 22. f4 Qg7 23. Rac1 Kh8 24. Qf3 Qh6 25. Rc2 Rg8 26. Kh1 Ng3+ 27. Kg1 Nxf1 28. Qxf1 Bh3 29. Kh1 Rxg2 30. Rxg2 Re8 31. Qf3 Bxg2+ 32.
Kxg2 Qg6+ 33. Kh3 Qf5+ 34. Kg2 Qc2+ 35. Qf2 Rg8+ 36. Kf3 Qf5 37. Ke2 Qc2+ 38. Kf3 Qxf2+ 39. Kxf2 d5 40. cxd5 cxd5 41. Na4 Bxb2 42. Nxb2 Rc8 43. Kf3 Rc2 44. Nd3 Rxa2 45. Nb4 Rxh2 46. Nxd5 Rb2 47. b4 a6 48. f5 Kg7 49. e4 h5 50. e5 Rd2 51. Ke4 Rxd5 52. Kxd5 h4 53. e6 h3 54. Kd6 h2 55. e7 h1=Q 56. e8=Q Qd1+ 57. Kc7 Qd5 58.
Qg6+ Kf8 59. Qf6+ Kg8 60. Qe6+ Qxe6 61. fxe6 b6 62. e7 Kf7 63. Kd7 a5 64. e8=Q+ 1-0

[Event "*** Titled Tuesday Blitz"]
[Site "Chess.com"]
[Date "2020.04.07"]
[Round "1"]
[White "CyberneticLion"]
[Black "tamarozi99"]
[Result "1-0"]
[WhiteElo "2511"]
[BlackElo "1928"]
[TimeControl "180+1"]
[EndTime "13:08:36 PDT"]
[Termination "CyberneticLion won by resignation"]

1. d4 Nf6 2. Bf4 g6 3. Nc3 d5 4. e3 Bg7 5. h4 h5 6. Nf3 a6 7. Ne5 Nbd7 8. Be2 c5 9. Qd2 c4 10. a4 Qa5 11. O-O O-O 12. Rfd1 Nxe5 13. dxe5 Nd7 14. Nxd5 Qxd2 15. Nxe7+ Kh7 16. Rxd2 Nxe5 17. c3 Be6 18. Nd5 Rfd8 19. Rad1 b5 20. Nc7 Rxd2 21.
Rxd2 Rc8 22. Nxe6 fxe6 23. axb5 axb5 24. Rd6 Ra8 25. Rxe6 Nd3 26. Bxd3 cxd3 27. Rd6 Ra1+ 28. Kh2 Rb1 29. Rxd3 Rxb2 30. Rd7 Kg8 31. Rc7 Rxf2 32.
Kg3 Rc2 33. Rc5 Rxc3 34. Rxb5 Ra3 35. Kf3 Bf6 36. Bg5 Bc3 37. Rb7 Bd2 38. Re7 Ra4 39.
Re6 Kf7 40. Rd6 Bc3 41. Rd7+ Kg8 42. e4 Ra3 43. Kf4 Bd2+ 44. Rxd2 Ra4 45. Rd8+ Kf7 46.
Rd7+ Ke6 47. Rg7 Ra2 48. Rxg6+ Kd7 49. Bf6 Rf2+ 50. Ke5 Re2 51. Rg7+ Kc6 52. Kf5 Rf2+ 53. Ke6 Re2 54. e5 Re1 55. Kf7 Kd5 56. Rg5 1-0

[Event "*** Titled Tuesday Blitz"]
[Site "Chess.com"]
[Date "2020.04.07"]
[Round "1"]
[White "pedroholly22"]
[Black "anon132639"]
[Result "1-0"]
[WhiteElo "2316"]
[BlackElo "2613"]
[TimeControl "180+1"]
[EndTime "13:08:37 PDT"]
[Termination "pedroholly22 won on time"]

1. e4 c5 2. Nf3 e6 3. d4 cxd4 4. Nxd4 a6 5. Bd3 Nf6 6. Qe2 e5 7. Nb3 Nc6 8. O-O d6 9. c4 Be7 10. Nc3 Be6 11. f4 exf4 12. Bxf4 Ne5 13. Nd5 Nfd7 14. Kh1 O-O 15. Rad1 Bxd5 16. cxd5 Bf6 17. Bb1 Rc8 18. Nd4 g6 19. b3 Bg7 20. Qd2 Qc7 21.
Rc1 Qb8 22. h3 Rxc1 23. Rxc1 Rc8 24. Rf1 Qc7 25. Rc1 Qxc1+ 26. Qxc1 Rxc1+ 27. Bxc1 Nc5 28. Be3 Kf8 29. Kg1 Ke7 30. Kf1 Kd7 31. Ke2 b5 32.
Bc2 Kc7 33. b4 Ncd7 34. a4 Nc4 35. Bg1 Bxd4 36. Bxd4 Nde5 37. axb5 axb5 38. Bd1 Kb7 39. Bc2 f6 40. Kf2 Ka6 41. Kg3 Nb6 42. h4 Nbd7 43.
Kh3 h5 44. Kg3 Kb7 45. Kf4 Ka6 46. Bc3 Nb6 47. Bd1 Nbc4 48. g4 hxg4 49. Bxg4 Nd3+ 50.
Kg3 Nce5 51. Be2 Nc1 52. Bf1 Na2 53. Be1 Nd3 54. Bd2 Nac1 55. Kf3 Kb6 56. Ke3 Nxb4 57.
Bxb4 Na2 58. Bd2 b4 59. Kd3 Ka5 60. Kc2 Ka4 61. Bc4 Nc3 62. Bxc3 bxc3 63. Kxc3 1-0

[Event "*** Titled Tuesday Blitz"]
[Site "Chess.com"]
[Date "2020.04.07"]
[Round "1"]
[White "lelya96"]
[Black "Faqade"]
[Result "0-1"]
[WhiteElo "2260"]
[BlackElo "2602"]
[TimeControl "180+1"]
[EndTime "13:08:37 PDT"]
[Termination "Faqade won by resignation"]

1. e4 c5 2. Nf3 e6 3. d4 cxd4 4.
Nxd4 Nc6 5. Nb3 Nf6 6. Bd3 d5 7. N1d2 dxe4 8. Nxe4 Nxe4 9. Bxe4 Qxd1+ 10. Kxd1 Bd7 11.
Be3 f5 12. Bxc6 Bxc6 13. f3 e5 14. Ke2 b6 15. c4 O-O-O 16. Rhd1 Be7 17. Rxd8+ Rxd8 18. Rd1 Re8 19. Kf2 f4 20. Bd2 g5 21. Bc3 e4 22.
fxe4 Bxe4 23. Nd4 g4 24. Nb5 g3+ 25. hxg3 fxg3+ 26. Kxg3 Rg8+ 27. Kf4 Bxg2 28. Nd6+ Kb8 29. Be5 Ka8 30. Ke3 h5 31. Nf5 Bg5+ 32. Kf2 Bh3 33.
Nd4 Bh4+ 34. Ke3 Bg5+ 35. Ke4 h4 36. Nf5 Bg2+ 37. Kd4 h3 38. Kc3 Re8 39. Bd6 Bf6+ 40. Kb3 a6 41. Bh2 Rf8 42. Nd6 Be7 43. Kb4 Rd8 44. Rd3 Bf1 45. Rd4 Bg2 46. Rd3 Rf8 47. Rd4 Rf2 48. c5 Rxb2+ 49. Kc3 bxc5 50. Rg4 Bf6+ 51.
Kc4 Bf1+ 52. Kxc5 Rxh2 53. Rg8+ Ka7 54. Nc8+ Kb7 55. Nd6+ Kc7 56. Rc8+ Kd7 57. Rf8 Rc2+ 58. Kd5 Bg2+ 59. Ne4 Rd2+ 60. Kc5 Be7+ 0-1

[Event "*** Titled Tuesday Blitz"]
[Site "Chess.com"]
[Date "2020.04.07"]
[Round "1"]
[White "Jeffinho023"]
[Black "SantoBlue"]
[Result "1-0"]
[WhiteElo "2437"]
[BlackElo "2784"]
[TimeControl "180+1"]
[EndTime "13:08:38 PDT"]
[Termination "Jeffinho023 won by resignation"]

1. d4 Nf6 2. Nf3 e6 3. g3 c5 4.
Bg2 cxd4 5. Nxd4 a6 6. O-O Be7 7. c4 O-O 8. Nc3 Qc7 9. b3 Nc6 10. Bb2 b6 11. Nxc6 dxc6 12. Qc2 Bb7 13. Rad1 Rad8 14. Ne4 Rxd1 15. Rxd1 Rd8 16. Nxf6+ Bxf6 17. Bxf6 Rxd1+ 18. Qxd1 gxf6 19. Qd4 Kg7 20. c5 bxc5 21. Qxc5 Qd7 22. Qc2 a5 23. Bf3 Qd4 24. Bxc6 Bxc6 25. Qxc6 Qa1+ 26. Kg2 Qxa2 27. Qc4 h5 28. h4 Qd2 29. e3 Qd7 30. Qc5 Qb7+ 31. Kg1 Qxb3 32. Qxa5 Qb1+ 33. Kg2 Qb7+ 34. Kg1 Kg6 35. Qa1 Qf3 36.
Qd4 Kf5 37. Kf1 Kg6 38. Kg1 e5 39. Qd3+ Kg7 40. Qd7 Kg6 41. Qd3+ Kh6 42. Qb3 Kg7 43. Qd3 f5 44. Qd6 Qe4 45. Qe7 Qb1+ 46. Kh2 Qf1 47. Qg5+ Kf8 48. Qxf5 e4 49. Qf4 Kg7 50. g4 hxg4 51. Qxg4+ Kf8 52. Qg2 Qe2 53. Qg3 Qf1 54. Qg2 Qe2 55. Kg3 f6 56. Qxe4 Qe1 57. Kg2 Kf7 58.
h5 Qe2 59. Qg6+ Ke7 60. h6 Qc4 61. h7 Qc6+ 62. e4 f5 63. Qxc6 1-0

[Event "*** Titled Tuesday Blitz"]
[Site "Chess.com"]
[Date "2020.04.07"]
[Round "1"]
[White "asms9699"]
[Black "Trickov"]
[Result "1-0"]
[WhiteElo "2590"]
[BlackElo "2223"]
[TimeControl "180+1"]
[EndTime "13:08:40 PDT"]
[Termination "asms9699 won on time"]

1. c4 c6 2. g3 d5 3. Bg2 Nf6 4.
Nf3 Bf5 5. cxd5 cxd5 6. Qb3 Qb6 7. Qxb6 axb6 8. d3 Nc6 9. Nc3 e6 10. Bf4 Bb4 11. O-O O-O 12. Nh4 Bg4 13. h3 Bh5 14. g4 Bg6 15. Nxg6 hxg6 16. Rfc1 Rfc8 17. Nb5 e5 18. Bg5 Nd4 19. Nxd4 exd4 20. Bxf6 gxf6 21. Bxd5 Bd2 22. Rd1 Rc2 23. Rab1 Bg5 24. Kf1 Re8 25. Bf3 b5 26. a3 b6 27. Kg2 Re5 28. Be4 Rxe2 29. Kg3 f5 30. gxf5 gxf5 31. f4 fxe4 32. fxe5 e3 33. Kf3 Rf2+ 34. Ke4 Rf4+ 35. Kd5 Bh4 36.
Rg1+ Kf8 37. Kc6 Bf2 38. Rh1 e2 39. Kxb5 Ke7 40. Rhe1 Bxe1 41. Rxe1 Rf3 42. Kc4 Ke6 43. Rxe2 Re3 44. Rh2 Kxe5 45. h4 Re1 46. h5 Rc1+ 47. Kb5 f5 48. h6 Rc8 49. h7 Rh8 50. Kxb6 f4 51. a4 f3 52. a5 Kf4 53. a6 Kg3 54.
Rh6 f2 55. Rg6+ Kh2 56. Rf6 Kg1 57. a7 f1=Q 58. Rxf1+ Kxf1 59. Kc5 1-0

[Event "*** Titled Tuesday Blitz"]
[Site "Chess.com"]
[Date "2020.04.07"]
[Round "1"]
[White "Euwe1234"]
[Black "ENEASZ"]
[Result "0-1"]
[WhiteElo "2097"]
[BlackElo "2525"]
[TimeControl "180+1"]
[EndTime "13:08:41 PDT"]
[Termination "ENEASZ won by resignation"]

1. e4 e5 2. Nf3 Nc6 3. Bb5 f5 4. d3 fxe4 5. dxe4 Nf6 6. O-O Bc5 7. Bg5 d6 8. Nc3 h6 9. Bxf6 Qxf6 10. Nd5 Qf7 11.
Bc4 Na5 12. Be2 Bb6 13. b4 Nc6 14. a4 Nd4 15. Nxd4 Bxd4 16. c3 c6 17. cxd4 cxd5 18. dxe5 O-O 19. exd6 dxe4 20. Qd4 Be6 21. Rac1 Rad8 22.
Rfd1 Kh8 23. Rc7 Qg6 24. Qe5 Bb3 25. Rd4 Bxa4 26. Rxb7 Bc6 27. Rc7 Bd7 28. Qxe4 Bf5 29. Qh4 Rxd6 30. Rxd6 Qxd6 31. Qe7 Qxe7 32. Rxe7 Rb8 33.
b5 a6 34. bxa6 Rb1+ 35. Bf1 Bd3 36. h3 Rxf1+ 37. Kh2 Bxa6 38. Kg3 Kh7 39. f4 Bd3 40.
Re3 Bf5 41. Kh4 Rxf4+ 42. Kg3 Ra4 43. Re5 Bg6 44. Rc5 Ra3+ 45. Kh2 Ra2 46. Kg3 Ra3+ 47.
Kh2 Ra2 48. Re5 Bf7 49. Kg3 Bg6 50. Kh2 Rb2 51. Kg3 Bf7 52. Kh2 Ba2 53. Kg3 Bc4 54. h4 Bf1 55. h5 Rxg2+ 56. Kf3 Ra2 57. Kg3 Be2 58. Kh4 Bd1 59. Kh3 Ra3+ 60. Kh2 Ra4 61. Kg3 Bg4 62. Kh4 Bd1+ 63. Kg3 Rd4 64. Kh3 Bb3 65. Kg3 Rd5 66. Rxd5 Bxd5 67. Kf4 Bf7 68. Kg4 Kg8 69. Kh4 Kf8 70. Kg4 Ke8 71. Kf4 Kd8 72. Kg4 Ke7 73. Kh4 Be8 74. Kg4 Kf6 75.
Kh4 Ke6 76. Kg4 Bf7 77. Kh4 Ke7 78. Kg4 Kd6 79. Kh4 Kd5 80. Kg4 Ke4 0-1

[Event "*** Titled Tuesday Blitz"]
[Site "Chess.com"]
[Date "2020.04.07"]
[Round "1"]
[White "johnathan113"]
[Black "ShadyH9"]
[Result "1-0"]
[WhiteElo "2627"]
[BlackElo "2292"]
[TimeControl "180+1"]
[EndTime "13:08:44 PDT"]
[Termination "johnathan113 won on time"]

1. d4 Nf6 2. Nc3 d5 3. Bf4 a6 4. e3 e6 5. Nf3 c5 6. a3 Nc6 7. Bd3 Be7 8. dxc5 Bxc5 9. O-O O-O 10. e4 h6 11. e5 Nd7 12. Qd2 f5 13. exf6 Qxf6 14.
Bg3 Nde5 15. Nxe5 Nxe5 16. Rae1 Nxd3 17. Qxd3 Bd4 18. Re2 Bd7 19. Rd1 Bxc3 20. Qxc3 Qxc3 21. bxc3 Rac8 22. Be5 Rc4 23. Re3 Rf5 24. Rd4 Bb5 25.
Rxc4 Bxc4 26. f4 h5 27. Kf2 g5 28. Rg3 Kf7 29. Rxg5 Rxg5 30. fxg5 Kg6 31. Bf6 Bb5 32. Ke3 Ba4 33. Kd3 Kf5 34. g3 e5 35. Kd2 Bb5 36. Ke3 Ba4 37. Kd2 Bb5 38. h3 Bf1 39. h4 Bb5 40. Bd8 Ba4 41. Bc7 Bb5 42. Ke3 Ba4 43.
Kd2 Bb5 44. Bb8 Ba4 45. c4 dxc4 46.
c3 Bc6 47. Ke3 Bd5 48. a4 b5 49. a5 Bc6 50. Kd2 Bd5 51. Kc2 Be4+ 52. Kb2 Kg4 53.
Bxe5 Kf5 54. Bf4 Bf3 55. Ka3 Bd1 56. Kb4 Ba4 57. Kc5 Bd1 58. Kb6 1-0

[Event "*** Titled Tuesday Blitz"]
[Site "Chess.com"]
[Date "2020.04.07"]
[Round "1"]
[White "Kobalia"]
[Black "Colombiano07"]
[Result "1-0"]
[WhiteElo "2591"]
[BlackElo "2241"]
[TimeControl "180+1"]
[EndTime "13:08:48 PDT"]
[Termination "Kobalia won by resignation"]

1. e4 c5 2. Nf3 Nc6 3. Bb5 e6 4. Bxc6 bxc6 5. O-O Ne7 6. d3 Ng6 7. Re1 e5 8. c3 Be7 9. d4 cxd4 10.
cxd4 d6 11. Nc3 O-O 12. h3 Rb8 13. b3 Bf6 14. Be3 a6 15. Rc1 Be6 16. d5 cxd5 17. Nxd5 Bxd5 18. Qxd5 Rb5 19. Qc6 d5 20. exd5 Qxd5 21.
Qxa6 Ra5 22. Qe2 Rfa8 23. Rc2 e4 24. Nh2 Qd3 25. Ng4 Be7 26. Nh2 Bb4 27. Ra1 f5 28. g3 Qxe2 29. Rxe2 Ne5 30. a4 Nd3 31. Rc2 Bd6 32. Rb1 Rb8 33. Rc6 Be5 34. Bb6 Ra6 35.
a5 Bd4 36. b4 Bxb6 37. axb6 Raxb6 38. Rxb6 Rxb6 39. b5 Kf7 40. Nf1 Ke6 41. Ne3 g6 42. Nc4 Rb7 43. b6 Nc5 44. Na5 Rb8 45. b7 Kd6 46. Rb5 Nd7 47. g4 Ne5 48. gxf5 gxf5 49.
Kg2 Nc6 50. Rb6 Kc7 51. Rxc6+ Kd7 52. Kg3 Rxb7 53. Nxb7 Kxc6 54. Na5+ Kd5 55. Kf4 Kd4 56. Kxf5 e3 57. fxe3+ Kxe3 58. h4 Kf3 59. h5 Kg3 60. h6 Kh4 61. Kf6 Kh5 62. Kg7 Kg5 63. Kxh7 Kf6 64.
Kg8 Kg6 65. h7 1-0

[Event "*** Titled Tuesday Blitz"]
[Site "Chess.com"]
[Date "2020.04.07"]
[Round "1"]
[White "Msb2"]
[Black "malandragem"]
[Result "1-0"]
[WhiteElo "2927"]
[BlackElo "2472"]
[TimeControl "180+1"]
[EndTime "13:08:49 PDT"]
[Termination "Msb2 won by resignation"]

1. d4 Nf6 2. c4 g6 3. Nc3 d6 4.
e4 Bg7 5. h3 O-O 6. Be3 e5 7.
d5 a5 8. g4 Nfd7 9. Qd2 Na6 10. Nge2 Nac5 11. Ng3 c6 12. Be2 cxd5 13. cxd5 a4 14.
h4 Qb6 15. h5 Rd8 16. Kf1 Qb4 17. f3 b6 18. Nb5 Qxd2 19. Bxd2 Nf6 20. Kg2 Ba6 21.
Rac1 Ne8 22. Be3 Bf8 23. Rc2 Rdc8 24. Rhc1 Be7 25. hxg6 hxg6 26. g5 Kg7 27. Kf2 Nc7 28.
Nxc7 Rxc7 29. Bxa6 Rxa6 30. Ke2 Rb7 31. Rh1 Ra8 32.
Kd1 Rh8 33. Rxh8 Kxh8 34. Ke2 Kg7 35. Nf1 Rb8 36. Kd1 Rh8 37. Rh2 Rh5 38. Ke2 Bd8 39. Rxh5 gxh5 40. Ng3 Kg6 41. Nf5 Bxg5 42. Bxg5 Kxg5 43.
Nxd6 f5 44. Nxf5 a3 45. bxa3 Na4 46. d6 Nc5 47. Kf2 Kf6 48. Kg3 Kg5 49. Ne3 Nd7 50. Nd5 b5 51. Kh3 h4 52. Kg2 Kh5 53. Kh2 Kg5 54.
Kh3 Kh5 55. Nc3 Kg5 56. Nxb5 Kf4 57. a4 Kxf3 58. Nc3 Ke3 59. a5 Kd4 60. a6 Kc5 61. a7 Nb6 62. d7 1-0

[Event "*** Titled Tuesday Blitz"]
[Site "Chess.com"]
[Date "2020.04.07"]
[Round "1"]
[White "Nancy11111"]
[Black "TheCount"]
[Result "1-0"]
[WhiteElo "2356"]
[BlackElo "2665"]
[TimeControl "180+1"]
[EndTime "13:08:49 PDT"]
[Termination "Nancy11111 won by checkmate"]

1. e4 e5 2. Nf3 Nc6 3. Bb5 a6 4. Ba4 Nf6 5. O-O Be7 6. Bxc6 dxc6 7. d3 Nd7 8. Be3 O-O 9. Nbd2 Re8 10. Nc4 Bd6 11.
a4 a5 12. h3 c5 13. Bg5 f6 14. Bd2 b6 15. Re1 Nf8 16. Nh4 Ng6 17. Nxg6 hxg6 18.
b3 Be6 19. Qf3 Qd7 20. g4 Kf7 21. Bc3 Bxc4 22. dxc4 Rh8 23. Rad1 Qe6 24. Kg2 Rh4 25. Qd3 Rah8 26. Rh1 Ke7 27. f3 f5 28. exf5 gxf5 29. Rde1 fxg4 30. fxg4 R4h6 31. Qe4 Kd7 32. Bxe5 Bxe5 33.
Qxe5 Qxe5 34. Rxe5 Rd6 35. Kg3 Rd2 36. Rh2 Rxh2 37.
Kxh2 Rf8 38. Kg3 Rf1 39. h4 Rc1 40. Rg5 Rxc2 41. Rxg7+ Ke6 42. h5 Rc3+ 43. Kh4 Rxb3 44. h6 Rb1 45. Kg5 Rh1 46. h7 Ke5 47. Rxc7 Kd4 48.
Kf6 Kxc4 49. Kg7 Rf1 50. h8=Q Rf4 51. Qg8+ Kb4 52. g5 Rg4 53. g6 Rd4 54. Qf7 Rd6 55. Rd7 Rc6 56. Qf4+ c4 57. Qe4 Rc5 58. Rd1 Kxa4 59.
Ra1+ Kb5 60. Rb1+ Ka4 61. Rxb6 Rc7+ 62. Kh6 Rc5 63. Rc6 Ka3 64. Rxc5 Kb4 65. Rxc4+ Kb3 66. g7 a4 67. g8=Q a3 68. Qg3+ Kb2 69. Qc2+ Ka1 70. Qg1# 1-0